 Dungeon Crawl Stone Soup version 0.28.0-53-g5a82cb258f (webtiles) character file.

Game seed: 13221345178781863860

7 Descartes the Grasshopper (level 2, 0/23 HPs)
             Began as a Formicid Warper on June 1, 2022.
             Slain by a quokka (3 damage)
             ... on level 1 of the Dungeon.
             The game lasted 00:00:39 (223 turns).

Descartes the Grasshopper (Formicid Warper)          Turns: 223, Time: 00:00:40

Health: 0/23       AC:  3    Str: 15    XL:     2   Next: 5%
Magic:  5/5        EV: 11    Int: 12    God:
Gold:   11         SH:  0    Dex: 10    Spells: 5/5 levels left

rFire   . . .      SeeInvis +   a - +0 hand axe
rCold   . . .      Faith    .   (no shield)
rNeg    . . .      Spirit   .   b - +0 leather armour
rPois   .          Reflect  .   (helmet unavailable)
rElec   .          Harm     .   (no cloak)
rCorr   .          Rampage  .   (no gloves)
Will    .....                   (no boots)
Stlth   +.........              (no amulet)
HPRegen 0.07/turn               (no ring)
MPRegen 0.09/turn               (no ring)

@: no status effects
A: permanent stasis, dig shafts and tunnels, antennae 3, four strong arms
a: Dig, Shaft Self


You were on level 1 of the Dungeon.
You visited 1 branch of the dungeon, and saw 1 of its levels.

You collected 11 gold pieces.

Inventory:

Hand Weapons
 a - a +0 hand axe (weapon)
Missiles
 c - 5 boomerangs of dispersal (quivered)
Armour
 b - a +0 leather armour (worn)


   Skills:
 + Level 2.3 Fighting
 + Level 2.0 Axes
 + Level 1.1 Throwing
 + Level 1.2 Armour
 + Level 1.8 Dodging
 + Level 2.2 Spellcasting
 + Level 2.8 Translocations


You had 5 spell levels left.
You didn't know any spells.
Your spell library contained the following spells:

 Spells                   Type           Power      Damage    Failure   Level
 Gell's Gravitas          Tloc           8%         N/A       30%         3
 Lesser Beckoning         Tloc           8%         N/A       30%         3
 Teleport Other           Tloc           8%         N/A       30%         3
 Manifold Assault         Tloc           8%         N/A       96%         5
 Blink                    Tloc           Unusable   N/A       N/A         2

Dungeon Overview and Level Annotations

Branches:
Dungeon (1/15)

Altars:


Innate Abilities, Weirdness & Mutations

You cannot be hasted, slowed, berserked, paralysed or teleported.
You can dig through walls and to a lower floor.
You have a pair of large antennae on your head. (SInv)
Your four strong arms can wield two-handed weapons with a shield.


Message History

You sense a monster nearby.
No target in view!
Unknown command.
A kobold and a quokka come into view.
The kobold shouts!
You hear a shout!
The kobold throws a stone.
The stone hits you but does no damage.
A goblin and an endoplasm come into view.
The goblin shouts!
The endoplasm quivers.
The kobold throws a stone.
The stone hits you. The endoplasm freezes you.
You are frozen.
You hit the endoplasm but do no damage.
The endoplasm jiggles.
The endoplasm hits you.
The kobold throws a stone.
The stone barely misses you.
You hit the endoplasm.
The endoplasm is severely wounded.
The endoplasm barely misses you.
You hit the endoplasm.
The endoplasm is almost dead.
The endoplasm freezes you.
You are frozen.
The kobold hits you but does no damage. The endoplasm hits you.
You miss the quokka. You hit the kobold.
You kill the kobold!
You hit the goblin. You barely miss the endoplasm.
The goblin barely misses you. The quokka misses you. The endoplasm hits you.
* * * LOW HITPOINT WARNING * * *
Unknown command.
You closely miss the quokka. You hit the endoplasm.
You kill the endoplasm!
You hit the goblin.
You kill the goblin!
The quokka bites you.
* * * LOW HITPOINT WARNING * * *
The quokka bites you but does no damage.
You have reached level 2!
You hit the quokka.
The quokka is severely wounded.
The quokka bites you.
You die...

#.## ##.## ...# ....## #.
#..# #....# #.### #..#
##....# #.#.###..# .....#
#....##..# #...#
#####.....#))# #_..#
..........r@.########...####
..........##.##.............
.........## ................
....##.## #####....##..<..
... #...####..####..##...##
#..........##>...##>.#
#####...###.#..###...###.#
#.......# #.#...##....#..#
#.#####.# #.##..###...##.#


You could see a quokka.

Vanquished Creatures
  An endoplasm (D:1)
  A goblin (D:1)
  2 kobolds (D:1)
  2 bats (D:1)
6 creatures vanquished.

Notes
Turn   | Place    | Note
-------+----------+-------------------------------------------
     0 | D:1      | Descartes the Formicid Warper began the quest for the Orb.
     0 | D:1      | Reached XP level 1. HP: 16/16 MP: 3/3
   223 | D:1      | Reached XP level 2. HP: 3/23 MP: 5/5
   223 | D:1      | Slain by a quokka

Illustrated notes

Levels and vault maps discovered:
D:1:      dpeg_arrival_long_road, layout_loops_cross, basic_ecumenical_altar

Action                   || total
-------------------------++-------
Melee: Hand axe          ||    17
Armor: Leather armour    ||     8
Dodge: Dodged            ||    11
